[Event "Titled Tuesday Blitz April 05 Late 2022"]
[White "Zherebtsova, Alexandra"]
[Black "Kosteniuk, Alexandra"]
[WhiteFideId "24129518"]
[BlackFideId "4128125"]
[WhiteElo "2405"]
[BlackElo "2677"]
[Result "0-1"]
[Round "06"]
[TimeControl "180+1"]
[Date "2022.04.06"]
[WhiteClock "0:00:03"]
[BlackClock "0:00:13"]

1. d4 Nf6 2. Nf3 d5 3. c4 e6 4. e3 c5 5. cxd5 Nxd5 6. Be2 Nc6 7. O-O cxd4 8. Nxd4 Bd7 9. b3 Bd6 10. Bb2 Qh4 11. g3 Qe7 12. Nf5 exf5 13. Qxd5 Be6 14. Qg2 O-O 15. Nc3 Rac8 16. Nd5 Qg5 17. Rfd1 Rfd8 18. h4 Qh6 19. Nf4 Be5 20. Bxe5 Nxe5 21. Nxe6 Qxe6 22. Qxb7 a5 23. Qb5 h6 24. Qxa5 Rxd1+ 25. Rxd1 Rc2 26. Rd2 Rc1+ 27. Rd1 Rc2 28. Rd2 Rc1+ 29. Rd1 Rc6 30. Qd5 Rc2 31. Qxe6 fxe6 32. Bc4 Kf7 33. a4 Ke7 34. a5 Nxc4 35. bxc4 Ra2 36. Rc1 Rxa5 37. c5 Kd7 38. Kg2 Kc6 39. Kf3 e5 40. e4 Ra3+ 41. Kg2 fxe4 42. Re1 Ra4 43. Rc1 Ra2 44. Re1 Kd5 45. Re3 Rc2 46. c6 Rxc6 47. Ra3 Rc2 48. Rb3 Kd4 49. Re3 Rd2 50. Ra3 Rd3 51. Ra7 g5 52. hxg5 hxg5 53. Rg7 Rd2 54. Kf1 e3 55. fxe3+ Kxe3 56. Rxg5 e4 57. Ra5 Rd1+ 58. Kg2 Ke2 59. Ra2+ Rd2 60. Ra1 e3 61. g4 Rd1 62. Ra2+ Rd2 63. Ra1 Rd1 64. Ra2+ Kd3 65. g5 Rd2+ 66. Rxd2+ exd2 67. g6 d1=Q 68. g7 Qg4+ 0-1


[Site "https://www.chess.com"]

[Event "Titled Tuesday Blitz April 05 Late 2022"]
[White "Zhigalko, Sergei"]
[Black "Khripachenko, Alexander"]
[WhiteFideId "13502956"]
[BlackFideId "54184975"]
[WhiteElo "2662"]
[BlackElo "2193"]
[Result "1-0"]
[Round "06"]
[TimeControl "180+1"]
[Date "2022.04.05"]
[WhiteClock "0:00:03"]
[BlackClock "0:00:02"]

1. e4 c5 2. Nf3 Nf6 3. e5 Nd5 4. c3 d6 5. Bc4 Nb6 6. Bb3 c4 7. Bc2 Nc6 8. exd6 e5 9. O-O Qxd6 10. b3 cxb3 11. axb3 Be7 12. Ba3 Qf6 13. Bxe7 Qxe7 14. Re1 O-O 15. Be4 Nd7 16. d4 Rd8 17. Nbd2 Qf6 18. d5 Ne7 19. Qc2 Ng6 20. c4 Nc5 21. Bxg6 hxg6 22. Nxe5 Bf5 23. Qb2 Re8 24. Re3 Re7 25. Rae1 Rae8 26. h3 g5 27. Ndf3 b6 28. Qd4 a5 29. Qd1 Kh7 30. Qd2 Kg8 31. Qe2 Kh7 32. Ng4 Bxg4 33. Rxe7 Bxf3 34. gxf3 Rh8 35. Qe3 g6 36. Kg2 Kg7 37. Rd1 Ra8 38. Rd4 a4 39. bxa4 Rxa4 40. d6 Ra1 41. d7 Nxd7 42. Rdxd7 g4 43. Rxf7+ Qxf7 44. Qd4+ 1-0


[Site "https://www.chess.com"]

[Event "Titled Tuesday Blitz April 05 Late 2022"]
[White "Abdyzhapar, Asylbek"]
[Black "Kollars, Dmitrij"]
[WhiteFideId "13800337"]
[BlackFideId "12909572"]
[WhiteElo "2331"]
[BlackElo "2584"]
[Result "0-1"]
[Round "07"]
[TimeControl "180+1"]
[Date "2022.04.05"]
[WhiteClock "0:00:06"]
[BlackClock "0:00:21"]

1. c4 Nf6 2. g3 g6 3. Bg2 Bg7 4. Nf3 O-O 5. O-O Nc6 6. b3 d5 7. Bb2 d4 8. e3 e5 9. a3 a5 10. Re1 Bf5 11. h3 Qd7 12. Kh2 Rad8 13. exd4 exd4 14. d3 Rfe8 15. Rxe8+ Rxe8 16. g4 Qd6+ 17. Kg1 Bc8 18. Nbd2 h5 19. g5 Nd7 20. Ne4 Qe7 21. b4 axb4 22. axb4 Qxb4 23. Ba3 Qb6 24. Qd2 Nce5 25. Nxe5 Nxe5 26. Bc5 Qe6 27. Ra8 Qd7 28. Nf6+ Bxf6 29. gxf6 Qf5 30. Be7 Kh7 31. f4 Qxd3 32. Qxd3 Nxd3 33. Bxb7 Bd7 34. Ra7 Nxf4 35. Be4 Rc8 36. h4 d3 37. Kf2 d2 38. Bf3 Bg4 39. Ra1 Nd3+ 40. Ke3 Nc1 41. Kxd2 Nb3+ 42. Ke3 Nxa1 43. Bd5 Be6 44. Bxe6 fxe6 45. f7 Kg7 46. f8=Q+ Rxf8 47. Bxf8+ Kxf8 0-1


[Site "https://www.chess.com"]

[Event "Titled Tuesday Blitz April 05 Late 2022"]
[White "Al-Tarboush, Ward"]
[Black "Nazaretyan, Tigran"]
[WhiteFideId "7601450"]
[BlackFideId "24162345"]
[WhiteElo "2276"]
[BlackElo "2225"]
[Result "0-1"]
[Round "07"]
[TimeControl "180+1"]
[Date "2022.04.06"]
[WhiteClock "0:01:17"]
[BlackClock "0:00:50"]

1. e4 c5 2. Nf3 Nc6 3. d4 cxd4 4. Nxd4 Nf6 5. Nc3 d6 6. Bg5 e6 7. Qd2 a6 8. f4 h6 9. Bxf6 Qxf6 10. O-O-O Qxd4 11. Qxd4 Nxd4 12. Rxd4 Be7 13. Be2 Bd7 14. Rhd1 Bc6 15. g4 O-O-O 16. a4 Kc7 17. Kb1 g5 18. f5 Bf6 19. Rc4 Be5 20. Nd5+ Kb8 21. Ne7 Bd7 22. fxe6 Bxe6 23. Nd5 Bxh2 24. Rb4 Ka7 25. Rd3 Rhe8 26. Bf3 Bg1 27. Rdb3 Bc8 28. a5 Bc5 29. Rc4 h5 30. Nf6 hxg4 31. Bxg4 Bxg4 32. Nxg4 Re6 33. e5 Rde8 34. exd6 Bxd6 35. Rf3 Bf4 36. Rc5 Re1+ 37. Ka2 R8e2 38. Nh6 f6 39. Rc8 Re5 40. b4 Rd5 41. Rf8 Be5 42. Ng4 Ra1+ 43. Kb3 Rb1+ 44. Ka3 Bd6 45. Ka2 Rxb4 46. Nxf6 Rxa5+ 47. Ra3 Rxa3+ 48. Kxa3 Bxf8 0-1


[Site "https://www.chess.com"]

[Event "Titled Tuesday Blitz April 05 Late 2022"]
[White "Andreikin, Dmitry"]
[Black "Naroditsky, Daniel"]
[WhiteFideId "4158814"]
[BlackFideId "2026961"]
[WhiteElo "2736"]
[BlackElo "2608"]
[Result "1-0"]
[Round "07"]
[TimeControl "180+1"]
[Date "2022.04.05"]
[WhiteClock "0:00:24"]
[BlackClock "0:00:01"]

1. d4 Nf6 2. c4 g6 3. Nc3 Bg7 4. e4 d6 5. h3 O-O 6. Be3 Na6 7. Bd3 e5 8. d5 Nc5 9. Bc2 a5 10. Nge2 Nh5 11. Qd2 f5 12. exf5 gxf5 13. O-O-O e4 14. g4 fxg4 15. hxg4 Bxg4 16. Rdg1 Bf3 17. Rh2 Kh8 18. Nd4 Qe8 19. Nxf3 Rxf3 20. Bd4 Nd3+ 21. Bxd3 Bxd4 22. Bxe4 Bxc3 23. Qc2 Qe5 24. Bxf3 Qf4+ 25. Kb1 Qxf3 26. Rg3 Qf7 27. Qxc3+ Ng7 28. Qc2 Nf5 29. Qc3+ Ng7 30. Rhg2 Rg8 31. a3 Qf5+ 32. Ka2 Qf7 33. Qxa5 b6 34. Qc3 b5 35. cxb5 Qxd5+ 36. b3 Qf7 37. a4 h5 38. a5 Kh7 39. a6 h4 40. Rxg7+ 1-0


[Site "https://www.chess.com"]

[Event "Titled Tuesday Blitz April 05 Late 2022"]
[White "Andrews, Todd"]
[Black "Clawitter, Craig"]
[WhiteFideId "2012456"]
[BlackFideId "2023105"]
[WhiteElo "2296"]
[BlackElo "2224"]
[Result "1-0"]
[Round "07"]
[TimeControl "180+1"]
[Date "2022.04.06"]
[WhiteClock "0:01:13"]
[BlackClock "0:00:24"]

1. d4 e6 2. c4 Nf6 3. Nc3 d5 4. cxd5 exd5 5. Bg5 c6 6. Qc2 Be7 7. e3 O-O 8. Bd3 Nbd7 9. Nge2 Re8 10. O-O Nf8 11. f3 g6 12. Rad1 Ne6 13. Bh4 b5 14. Bf2 a5 15. Kh1 Bd7 16. e4 b4 17. Na4 c5 18. Nxc5 Nxc5 19. dxc5 dxe4 20. fxe4 Ng4 21. Bg1 Rc8 22. Nf4 Bxc5 23. Bxc5 Ne3 24. Bxe3 Rxc2 25. Bxc2 Qc7 26. Bb3 Rxe4 27. Nd5 Rh4 28. Nxc7 1-0


[Site "https://www.chess.com"]

[Event "Titled Tuesday Blitz April 05 Late 2022"]
[White "Ansh M Shah"]
[Black "Putri, Regita Desyari"]
[WhiteFideId "25033379"]
[BlackFideId "7109083"]
[WhiteElo "1819"]
[BlackElo "1930"]
[Result "1-0"]
[Round "07"]
[TimeControl "180+1"]
[Date "2022.04.06"]
[WhiteClock "0:00:12"]
[BlackClock "0:00:33"]

1. d4 Nf6 2. c4 e6 3. Nf3 b6 4. g3 Ba6 5. Bg2 c6 6. Nbd2 Bb4 7. b3 d5 8. a3 Bc3 9. Rb1 dxc4 10. bxc4 Bxd4 11. Nxd4 Qxd4 12. O-O O-O 13. Bb2 Qd8 14. Bxf6 Qxf6 15. Ne4 Qe7 16. Qd6 Qxd6 17. Nxd6 Rd8 18. Rfd1 Kf8 19. Nb5 Rxd1+ 20. Rxd1 Bxb5 21. cxb5 Ke7 22. bxc6 Na6 23. c7 Rc8 24. Bb7 Rxc7 25. Bxa6 Rc3 26. Rd3 Rc1+ 27. Kg2 Ra1 28. Bb5 Kf6 29. Rf3+ Ke7 30. Rc3 Kd6 31. a4 a6 32. Bxa6 Rxa4 33. Bb5 Rb4 34. Rc6+ Kd5 35. Rxb6 Kc5 36. Rb7 Rxb5 37. Rxf7 g6 38. Rxh7 Kd6 39. Rg7 Rg5 40. h4 Re5 41. e3 Kd5 42. Rxg6 Ke4 43. Rg4+ Kd3 44. Rd4+ Ke2 45. Rf4 Rh5 46. Kh3 e5 47. Rf6 Rh8 48. Rf5 e4 49. Rf4 Kd3 50. g4 Re8 51. g5 Kc4 52. Kg4 Kd5 53. h5 Ke5 54. h6 Rh8 55. Kh5 Rb8 56. g6 Rb5 57. h7 Ke6+ 58. Kh6 1-0


[Site "https://www.chess.com"]

[Event "Titled Tuesday Blitz April 05 Late 2022"]
[White "Arabidze, Meri"]
[Black "Papasimakopoulos, Alexandros"]
[WhiteFideId "13604040"]
[BlackFideId "4244125"]
[WhiteElo "2335"]
[BlackElo "2340"]
[Result "1-0"]
[Round "07"]
[TimeControl "180+1"]
[Date "2022.04.05"]
[WhiteClock "0:00:11"]
[BlackClock "0:00:16"]

1. Nf3 f5 2. d3 d6 3. e4 g6 4. exf5 Bxf5 5. d4 Bg7 6. Bd3 Qd7 7. O-O Nf6 8. Re1 Nc6 9. c3 O-O-O 10. Bb5 e5 11. d5 Nxd5 12. Qxd5 Be6 13. Qd1 a6 14. Ba4 Rdf8 15. Be3 d5 16. Bc5 Rf5 17. Nbd2 b6 18. Ba3 b5 19. Bc2 e4 20. Nxe4 dxe4 21. Bxe4 Rf4 22. Ng5 Bg4 23. f3 Bf5 24. Qc1 Rh4 25. Qe3 b4 26. Rad1 Bd4 27. cxd4 bxa3 28. Qxa3 Bxe4 29. Qxa6+ Kb8 30. Rxe4 Rxe4 31. Nxe4 Nxd4 32. Rd3 Re8 33. Qc4 Rd8 34. Nc5 Qd5 35. Qxd5 Rxd5 36. b4 Ne2+ 37. Kf2 Rxd3 38. Nxd3 Nc3 39. a3 Kc8 40. g4 Kd7 41. h4 Ke6 42. Ke3 Kd5 43. f4 Nd1+ 44. Kd2 Kd4 45. Kxd1 Kxd3 46. f5 gxf5 47. gxf5 Kc4 48. f6 Kb3 49. f7 Kxa3 50. f8=Q c5 51. Qxc5 h5 52. Qxh5 Ka4 53. Qg5 Kb3 54. h5 Ka4 55. h6 Kb3 56. h7 Kc4 57. h8=Q Kb3 58. b5 Ka4 59. b6 Kb3 60. Qf4 Ka2 61. Qa8+ Kb3 62. Qaa4+ Kc3 63. Qfd4# 1-0


[Site "https://www.chess.com"]

[Event "Titled Tuesday Blitz April 05 Late 2022"]
[White "Araujo Filho, Luiz Antonio Coel"]
[Black "Hoffmann, Asa"]
[WhiteFideId "2130661"]
[BlackFideId "2001470"]
[WhiteElo "2271"]
[BlackElo "2117"]
[Result "0-1"]
[Round "07"]
[TimeControl "180+1"]
[Date "2022.04.06"]
[WhiteClock "0:02:16"]
[BlackClock "0:02:27"]

1. d4 Nf6 2. Nf3 d6 3. e3 Bf5 4. b3 Nbd7 5. Bb2 e6 6. Be2 Be7 7. O-O h6 8. Nbd2 c6 9. c4 a5 10. Rc1 Qb6 11. a3 O-O 12. Nb1 c5 13. Nc3 Rfd8 14. d5 e5 15. Ne1 e4 16. Qc2 Ne5 17. f4 exf3 18. gxf3 Bxc2 0-1


[Site "https://www.chess.com"]

[Event "Titled Tuesday Blitz April 05 Late 2022"]
[White "Arnold, Ken"]
[Black "Weetik, Vjacheslav"]
[WhiteFideId "2056836"]
[BlackFideId "4153472"]
[WhiteElo "2241"]
[BlackElo "2469"]
[Result "0-1"]
[Round "07"]
[TimeControl "180+1"]
[Date "2022.04.06"]
[WhiteClock "0:00:07"]
[BlackClock "0:00:05"]

1. d4 Nf6 2. c4 e6 3. Nf3 d5 4. e3 c5 5. cxd5 exd5 6. Nc3 a6 7. Be2 Nc6 8. O-O Bd6 9. dxc5 Bxc5 10. b3 O-O 11. Bb2 Re8 12. Rc1 Bd6 13. Nd4 Ne5 14. h3 Bb8 15. Qd2 Ng6 16. f4 Ba7 17. Bf3 Nh4 18. Na4 Nxf3+ 19. Rxf3 Ne4 20. Qd3 Bd7 21. Nc3 Rc8 22. Nxd5 Rxc1+ 23. Bxc1 Bxh3 24. Rxh3 Qxd5 25. Bb2 h6 26. Qc4 Qd7 27. Rh5 Nf6 28. Re5 Rxe5 29. fxe5 Ng4 30. e6 fxe6 31. Nxe6 Nxe3 32. Qe4 Ng4+ 33. Bd4 Bxd4+ 34. Nxd4 Nf6 35. Qf4 Qd5 36. Qb8+ Kh7 37. Qf4 Qe4 38. Qxe4+ Nxe4 39. Kf1 Kg6 40. a4 Kf6 41. Ke2 Ke5 42. Kd3 Kd5 43. Nf3 Nc5+ 44. Kc3 g5 45. a5 g4 46. Nh4 Ne4+ 47. Kd3 Nc5+ 48. Kc3 h5 49. b4 Ne4+ 50. Kd3 Nd6 51. Kc3 Ke4 52. Kb3 Kf4 53. Ng6+ Kg3 54. Ne5 Kxg2 55. Nc4 Nxc4 56. Kxc4 g3 57. b5 Kf1 58. bxa6 bxa6 59. Kc5 g2 60. Kb6 g1=Q+ 61. Kxa6 Qc5 62. Kb7 Qxa5 0-1


[Site "https://www.chess.com"]

[Event "Titled Tuesday Blitz April 05 Late 2022"]
[White "Baches Garcia, Guillermo"]
[Black "Aldokhin, Ivan"]
[WhiteFideId "2209764"]
[BlackFideId "24115720"]
[WhiteElo "2509"]
[BlackElo "2231"]
[Result "0-1"]
[Round "07"]
[TimeControl "180+1"]
[Date "2022.04.06"]
[WhiteClock "0:00:15"]
[BlackClock "0:00:29"]

1. e4 c5 2. Nf3 e6 3. c4 Nc6 4. d4 cxd4 5. Nxd4 Nf6 6. Nc3 Bb4 7. Nxc6 bxc6 8. Bd3 e5 9. O-O O-O 10. Qe2 d6 11. Na4 Nd7 12. Be3 Qa5 13. b3 Nc5 14. Nxc5 Bxc5 15. Rfd1 Be6 16. Rd2 Qb6 17. Re1 a5 18. h3 a4 19. Bc2 axb3 20. axb3 Ra2 21. Bxc5 dxc5 22. Bd1 Rxd2 23. Qxd2 Rd8 24. Qg5 f6 25. Qe3 Rd4 26. Bc2 Qd8 27. Ra1 h6 28. Kh2 Qd6 29. Ra7 Rd2 30. Qg3 Bf7 31. Bb1 Qd4 32. Ra2 Rxa2 33. Bxa2 Qb2 34. Qg4 Qxa2 35. Qc8+ Kh7 36. Qxc6 Qxb3 37. Qxc5 Qxc4 0-1


[Site "https://www.chess.com"]

[Event "Titled Tuesday Blitz April 05 Late 2022"]
[White "Bazeev, German"]
[Black "Mkrtchyan, Mariam"]
[WhiteFideId "24119350"]
[BlackFideId "13310828"]
[WhiteElo "2493"]
[BlackElo "1984"]
[Result "0-1"]
[Round "07"]
[TimeControl "180+1"]
[Date "2022.04.05"]
[WhiteClock "0:01:12"]
[BlackClock "0:00:55"]

1. d4 d5 2. Nf3 Nf6 3. c4 c6 4. Qc2 g6 5. Bf4 Bf5 6. Qb3 Qb6 7. e3 Bg7 8. Nc3 O-O 9. h3 Na6 10. c5 Qxb3 11. axb3 Nb4 12. Kd2 b6 13. Be2 bxc5 14. dxc5 Nd7 15. Ra5 e5 16. Bh2 d4 17. Na4 dxe3+ 18. fxe3 Rfd8 19. Ke1 Nc2+ 20. Kf2 Bh6 21. g4 Bxe3+ 22. Kg2 Be4 23. Nc3 Bxf3+ 24. Bxf3 Nxc5 25. Re1 0-1


[Site "https://www.chess.com"]

[Event "Titled Tuesday Blitz April 05 Late 2022"]
[White "Bilan, Danila"]
[Black "Lashkin, Jegor"]
[WhiteFideId "24161918"]
[BlackFideId "13907808"]
[WhiteElo "2164"]
[BlackElo "2368"]
[Result "0-1"]
[Round "07"]
[TimeControl "180+1"]
[Date "2022.04.05"]
[WhiteClock "0:00:01"]
[BlackClock "0:00:11"]

1. d4 Nf6 2. Nf3 d5 3. c4 e6 4. Nc3 Bb4 5. Qb3 c5 6. a3 Bxc3+ 7. Qxc3 cxd4 8. Nxd4 O-O 9. Bg5 e5 10. Nf3 d4 11. Qc2 Nc6 12. e3 h6 13. Bh4 dxe3 14. fxe3 Qb6 15. c5 Qa5+ 16. Qc3 Qxc3+ 17. bxc3 Ne4 18. Bb5 f6 19. O-O Be6 20. c4 Nxc5 21. Rfd1 Rfd8 22. Be1 a6 23. Bxc6 bxc6 24. Ba5 Rdc8 25. Bb6 Nb3 26. c5 Nxa1 27. Rxa1 Re8 28. Rd1 Bd5 29. Nd2 Re7 30. e4 Be6 31. Nf3 Rd7 32. Rb1 Bc4 33. Kf2 Rb8 34. Rb4 Be6 35. Ke3 Rd1 36. a4 Rb7 37. a5 Rbd7 38. Kf2 R1d3 39. Kg3 Rb3 40. Ra4 Kf7 41. Rc4 Bxc4 0-1


[Site "https://www.chess.com"]

[Event "Titled Tuesday Blitz April 05 Late 2022"]
[White "Bowden, Karl"]
[Black "Cagara, Paulina"]
[WhiteFideId "400548"]
[BlackFideId "1124870"]
[WhiteElo "2345"]
[BlackElo "1780"]
[Result "1-0"]
[Round "07"]
[TimeControl "180+1"]
[Date "2022.04.06"]
[WhiteClock "0:00:19"]
[BlackClock "0:00:19"]

1. e4 c6 2. c4 d5 3. cxd5 cxd5 4. exd5 Nf6 5. Bb5+ Bd7 6. Bc4 g6 7. Nc3 Bg7 8. Nge2 O-O 9. O-O a6 10. a4 Qc7 11. d3 Ng4 12. Bf4 Be5 13. g3 h5 14. Rc1 h4 15. Bxe5 Nxe5 16. Ne4 Nf3+ 17. Kg2 Bg4 18. h3 Bxh3+ 19. Kxh3 hxg3 20. N4xg3 Kg7 21. Rh1 Nd7 22. Kg2 Nde5 23. d4 Nxc4 24. Kxf3 b5 25. b3 Qd7 26. bxc4 bxc4 27. Nc3 Rab8 28. Qe2 Rb3 29. Kg2 Rfb8 30. Qe3 Qg4 31. Qh6+ Kf6 32. Ne4+ Qxe4+ 33. Nxe4+ Kf5 34. Rh4 e5 35. Qg5# 1-0


[Site "https://www.chess.com"]

[Event "Titled Tuesday Blitz April 05 Late 2022"]
[White "Brizzi, Milagros Tatiana"]
[Black "Harish, Neeraj"]
[WhiteFideId "128350"]
[BlackFideId "30958130"]
[WhiteElo "1844"]
[BlackElo "1574"]
[Result "1-0"]
[Round "07"]
[TimeControl "180+1"]
[Date "2022.04.06"]
[WhiteClock "0:00:34"]
[BlackClock "0:00:02"]

1. e4 c5 2. Nf3 Nc6 3. d4 cxd4 4. Nxd4 Nf6 5. Nc3 e5 6. Ndb5 d6 7. Bg5 a6 8. Na3 b5 9. Bxf6 gxf6 10. Nd5 f5 11. Bd3 Be6 12. Qh5 Bg7 13. O-O Ne7 14. Nxe7 Qxe7 15. exf5 Bd7 16. c4 b4 17. Nc2 a5 18. Rfe1 Qf6 19. Rad1 O-O 20. Ne3 Qh6 21. Qf3 Rac8 22. b3 Bc6 23. Be4 Bxe4 24. Qxe4 Rfd8 25. Ng4 Qg5 26. f6 Bxf6 27. Nxf6+ Qxf6 28. Rd3 Kh8 29. Rh3 Qg6 30. Qb7 Rc5 31. Qe7 Rg8 32. Rg3 Qh6 33. Qxf7 Rxg3 34. hxg3 Qg7 35. Qe8+ Qg8 36. Qe7 Qg6 37. Rd1 Rc6 38. Qd8+ Qg8 39. Qxa5 Qg6 40. Qa8+ 1-0


[Site "https://www.chess.com"]

[Event "Titled Tuesday Blitz April 05 Late 2022"]
[White "Buchenau, Frank"]
[Black "Rasulov, Vugar"]
[WhiteFideId "4604350"]
[BlackFideId "13402390"]
[WhiteElo "2193"]
[BlackElo "2560"]
[Result "0-1"]
[Round "07"]
[TimeControl "180+1"]
[Date "2022.04.05"]
[WhiteClock "0:00:05"]
[BlackClock "0:01:49"]

1. e4 e6 2. Nf3 d5 3. Nc3 Nf6 4. e5 Nfd7 5. d4 c5 6. dxc5 Nc6 7. Bf4 Bxc5 8. Bd3 f6 9. exf6 Nxf6 10. O-O O-O 11. Qe2 Bd7 12. Ne5 Bd6 13. Nf7 Rxf7 14. Bxd6 Qb6 15. Ba3 e5 16. Qd2 e4 17. Be2 d4 18. Na4 Qa5 19. Qxa5 Nxa5 20. Nc5 b6 21. Nxd7 Rxd7 22. b4 Nc6 23. Bb5 Rc8 24. Rad1 Kf7 25. Rfe1 Kg6 26. Bb2 Rd5 27. Bc4 Rdd8 28. Be6 Rc7 29. b5 Nb4 30. Rxd4 Rxd4 31. Bxd4 Nxc2 32. Rc1 Re7 33. Bxf6 Kxf6 34. Rxc2 Rxe6 35. Kf1 Re5 36. a4 e3 37. fxe3 Rxe3 38. Rc7 Re7 39. Rxe7 Kxe7 40. Ke2 Kd6 41. Kd3 Kd5 42. Kc3 Kc5 43. Kb3 Kd4 44. Kb4 g5 45. a5 h5 46. axb6 axb6 47. Kb3 Kc5 48. Ka4 Kc4 49. Ka3 Kxb5 50. Kb3 Kc5 0-1


[Site "https://www.chess.com"]

[Event "Titled Tuesday Blitz April 05 Late 2022"]
[White "Chernobay, Artem"]
[Black "Degardin, Sylvain"]
[WhiteFideId "4167406"]
[BlackFideId "20623070"]
[WhiteElo "2473"]
[BlackElo "2156"]
[Result "1-0"]
[Round "07"]
[TimeControl "180+1"]
[Date "2022.04.06"]
[WhiteClock "0:01:41"]
[BlackClock "0:00:52"]

1. e4 c5 2. Nf3 Nc6 3. d4 cxd4 4. Nxd4 Nf6 5. Nc3 e5 6. Ndb5 d6 7. Bg5 a6 8. Bxf6 gxf6 9. Na3 f5 10. Nc4 Nd4 11. Nd5 b5 12. Ncb6 Rb8 13. Nxc8 Rxc8 14. c3 Bh6 15. cxd4 Qa5+ 16. b4 Qa3 17. Bd3 fxe4 18. Bxe4 Rg8 19. Nf6+ Ke7 20. Nxg8+ Rxg8 21. Qb3 Qxb3 22. axb3 Rg4 23. Bxh7 Rxd4 24. O-O 1-0


[Site "https://www.chess.com"]

[Event "Titled Tuesday Blitz April 05 Late 2022"]
[White "Curtis, John"]
[Black "Prohorov, Olexandr"]
[WhiteFideId "3200256"]
[BlackFideId "14105578"]
[WhiteElo "2203"]
[BlackElo "1993"]
[Result "1/2-1/2"]
[Round "07"]
[TimeControl "180+1"]
[Date "2022.04.06"]
[WhiteClock "0:01:36"]
[BlackClock "0:01:37"]

1. e4 c5 2. Nf3 e6 3. d4 cxd4 4. Nxd4 Qb6 5. Nb3 Nf6 6. e5 Ne4 7. Be3 Qc7 8. f3 Nc5 9. f4 d5 10. c3 Be7 11. Nxc5 Bxc5 12. Bxc5 Qxc5 13. Qd4 Qxd4 14. cxd4 Bd7 15. Kd2 Nc6 16. Ke3 f6 17. Nc3 Ne7 18. Bd3 O-O 19. g3 Rac8 20. Rhc1 a6 21. Ne2 h6 22. Rxc8 Rxc8 23. Rc1 Rxc1 24. Nxc1 1/2-1/2


[Site "https://www.chess.com"]

[Event "Titled Tuesday Blitz April 05 Late 2022"]
[White "Danilov, Vladimir"]
[Black "Almagro Mazariegos, Sebastian"]
[WhiteFideId "1203398"]
[BlackFideId "2221640"]
[WhiteElo "2227"]
[BlackElo "2273"]
[Result "1-0"]
[Round "07"]
[TimeControl "180+1"]
[Date "2022.04.06"]
[WhiteClock "0:02:29"]
[BlackClock "0:01:20"]

1. b3 Nf6 2. Bb2 e6 3. e3 d5 4. f4 Be7 5. Nf3 O-O 6. Bd3 c5 7. O-O b6 8. Qe1 Ba6 9. Bxa6 Nxa6 10. a3 Nb8 11. d3 Nc6 12. Nbd2 Nd7 13. e4 d4 14. Bc1 f5 15. Nc4 b5 16. exf5 bxc4 17. Qxe6+ Kh8 18. Qxc6 cxd3 19. cxd3 Rxf5 20. Bd2 Rb8 21. b4 cxb4 22. axb4 Bxb4 23. Bxb4 Rxb4 24. Rxa7 Nc5 25. Ne5 1-0


[Site "https://www.chess.com"]

[Event "Titled Tuesday Blitz April 05 Late 2022"]
[White "Demchenko, Anton"]
[Black "Sarana, Alexey"]
[WhiteFideId "4160258"]
[BlackFideId "24133795"]
[WhiteElo "2539"]
[BlackElo "2666"]
[Result "1-0"]
[Round "07"]
[TimeControl "180+1"]
[Date "2022.04.05"]
[WhiteClock "0:00:03"]
[BlackClock "0:00:05"]

1. e4 c5 2. Nf3 d6 3. d4 Nf6 4. Nc3 cxd4 5. Qxd4 Nc6 6. Bb5 Bd7 7. Bxc6 Bxc6 8. Bg5 e6 9. O-O-O Be7 10. Qd3 Qa5 11. Kb1 O-O 12. h4 h6 13. Bd2 Qa6 14. Qxa6 bxa6 15. Rde1 Rab8 16. Nd4 Ba8 17. f3 Rfc8 18. Nb3 Nd7 19. Be3 Rc7 20. Bd4 Nb6 21. e5 Nc4 22. exd6 Bxd6 23. Ne4 Be7 24. Ned2 Nxd2+ 25. Nxd2 Rd7 26. Nb3 a5 27. Be5 Rbd8 28. a4 Bc6 29. Bc3 Bxa4 30. Nxa5 Bb5 31. h5 Bg5 32. Nb3 Be7 33. Na5 Kf8 34. g4 Rd5 35. f4 Bd6 36. Nb7 Bxf4 37. Nxd8 Rxd8 38. Rd1 Rc8 39. Rhe1 a6 40. Ba5 Ke7 41. b3 Bd6 42. Rd2 f6 43. Red1 Bf4 44. Rd4 Be5 45. R4d2 Bf4 46. Rd4 Be5 47. R4d2 Bc6 48. Bb4+ Ke8 49. Bd6 Bc3 50. Rd3 Ba5 51. Re3 Kf7 52. c4 e5 53. c5 Ke6 54. Kc2 Bb4 55. Kb2 a5 56. Rdd3 Bb5 57. Rd1 Bc6 58. Rdd3 Bb7 59. Rd1 Rd8 60. Kc2 Bd5 61. Kb2 Bc6 62. Kc2 Rc8 63. Kb2 Bb5 64. Re4 Ra8 65. Re3 Ra6 66. Re4 Bc6 67. Re3 Bd5 68. Red3 Be4 69. Re3 Bd5 70. Red3 Bg2 71. Bf8 Kf7 72. Bd6 e4 73. Re3 Bf3 74. Rd4 Bxg4 75. Rdxe4 Bxh5 76. Re7+ Kg8 77. Rc7 Kh7 78. Ree7 Kg6 79. Rxg7+ Kf5 80. Rh7 Bg6 81. Rxh6 Bd2 82. Rh2 Bg5 83. Rf2+ Ke4 84. Re7+ Kd5 85. Rg2 Be4 86. Re2 Bd3 87. Re1 Bf5 88. Rd1+ Kc6 89. Ree1 a4 90. b4 Kb5 91. Ra1 Bg4 92. Re8 Bd2 93. Ka2 Bc3 94. Rb8+ Kc4 95. Rc1 Be6 96. b5 Kd3+ 97. Ka3 Ra5 98. b6 Bb3 99. Rxc3+ Kxc3 100. b7 Rb5 101. c6 Bd5 102. c7 Bc6 103. c8=Q Rb3+ 104. Ka2 Rb2+ 105. Ka1 Rb6 106. Qc7 1-0


[Site "https://www.chess.com"]

[Event "Titled Tuesday Blitz April 05 Late 2022"]
[White "Derraugh, Geordie"]
[Black "Ambartsumova, Karina"]
[WhiteFideId "2603950"]
[BlackFideId "4166299"]
[WhiteElo "2116"]
[BlackElo "2262"]
[Result "0-1"]
[Round "07"]
[TimeControl "180+1"]
[Date "2022.04.06"]
[WhiteClock "0:00:15"]
[BlackClock "0:00:14"]

1. e4 e5 2. Nf3 Nc6 3. d4 exd4 4. Bc4 Nf6 5. e5 d5 6. Bb5 Ne4 7. Nxd4 Bd7 8. Bxc6 bxc6 9. O-O c5 10. Nb3 Bb5 11. Re1 Be7 12. e6 O-O 13. f3 Nf6 14. exf7+ Rxf7 15. Nc3 Bc6 16. Na5 Be8 17. Bg5 d4 18. Ne2 Nd5 19. Bd2 Rb8 20. b3 Bg5 21. c3 Be3+ 22. Kh1 Qg5 23. Nc4 Bxd2 24. Qxd2 Qxd2 25. Nxd2 d3 26. Nc1 Nxc3 27. Nxd3 Rd7 28. Re3 Nd5 29. Re5 Nf6 30. Nxc5 Rxd2 31. Ne6 c6 32. h3 Rb5 33. Re3 Rbd5 34. Nc7 Rd1+ 35. Rxd1 Rxd1+ 36. Kh2 Bd7 37. Rc3 Nd5 38. Nxd5 Rxd5 39. Kg3 Kf7 40. Kf4 Kf6 41. g4 Rd2 42. a4 Rd4+ 43. Ke3 Rb4 44. f4 h6 45. f5 Kg5 46. Rd3 Be8 47. Kf2 Kf6 48. Kg3 Bf7 49. Rd6+ Ke7 50. Rxc6 Rxb3+ 51. Kh4 Kd7 52. Ra6 Rb7 53. g5 hxg5+ 54. Kxg5 Bc4 55. Rg6 Kc8 56. Rc6+ Rc7 57. Rxc7+ Kxc7 58. Kg6 Bd3 59. h4 a5 60. h5 Kd6 61. Kxg7 Bxf5 62. h6 Kc5 63. h7 Bxh7 64. Kxh7 Kb4 65. Kg6 Kxa4 66. Kf5 Kb3 67. Ke4 a4 68. Kd3 a3 0-1


[Site "https://www.chess.com"]

[Event "Titled Tuesday Blitz April 05 Late 2022"]
[White "Dimakiling, Oliver"]
[Black "Romanchuk, Viktor"]
[WhiteFideId "5202248"]
[BlackFideId "14109271"]
[WhiteElo "2426"]
[BlackElo "2242"]
[Result "1-0"]
[Round "07"]
[TimeControl "180+1"]
[Date "2022.04.05"]
[WhiteClock "0:01:25"]
[BlackClock "0:00:02"]

1. e4 e6 2. d3 d5 3. Nd2 Nf6 4. Ngf3 c5 5. c3 Nc6 6. e5 Nd7 7. d4 cxd4 8. cxd4 Qb6 9. Nb3 a5 10. Be3 a4 11. Nbd2 Qxb2 12. Be2 Be7 13. O-O O-O 14. Bd3 Nb4 15. Qe2 Qc3 16. Bb1 b6 17. Ng5 h6 18. Qh5 Nc2 19. Rc1 Qxa1 20. Ndf3 Ba6 21. Bxc2 Qxa2 22. Bh7+ Kh8 23. Nxf7+ Kxh7 24. Nxh6 g6 25. Qh3 Rxf3 26. gxf3 1-0


[Site "https://www.chess.com"]